Map: Berlingrad LE

Players

LiquidClem (Clem) - Winner!

  • Race: Terran Terran
  • League: Master

Vanya

  • Race: Zerg Zerg
  • League: Master

VOD

Have the link to the VOD?

Description

Time

  • Played on: Oct. 21, 2021, 7:32 a.m.
  • Length: 10:28
Show
View Real Time Build Order
Export as new Build Order

LiquidClem Terran - Winner!

Build Orders: Reaper Expand, Hellion Banshee 

Get SALT Encoding   

  12  0:00  SCV  
  13  0:12  SCV  
  14  0:17  Supply Depot  
  14  0:24  SCV  
  15  0:38  SCV  
  15  0:40  Barracks  
  16  0:43  Refinery  
  16  0:50  SCV  
  17  1:02  SCV  
  18  1:15  SCV  
  19  1:26  Reaper  
  19  1:27  Orbital Command  
  20  1:38  Command Center  
  20  1:47  Supply Depot  
  20  1:52  SCV  
  21  1:58  Marine  
  22  2:04  SCV  
  23  2:11  Factory  
  23  2:16  SCV  
  23  2:20  Barracks Reactor  
  24  2:28  SCV  
  25  2:37  Command Center  
  25  2:40  SCV  
  26  2:50  Orbital Command  
  26  2:53  SCV  
  26  2:56  Refinery  
  27  3:00  Starport  
  27  3:05  SCV  
  28  3:07  Hellion  
  28  3:12  Hellion  
  32  3:15  Barracks Tech Lab  
  32  3:17  SCV  
  32  3:18  SCV  
  34  3:29  SCV, Hellion  
  34  3:30  SCV  
  34  3:34  Hellion  
  40  3:41  SCV  
  40  3:42  SCV  
  40  3:43  Banshee  
  45  3:49  Orbital Command  
  45  3:53  Hellion  
  45  3:55  Barracks Tech Lab, Hellion  
  49  4:01  SCV  
  49  4:02  Cloaking Field  
  48  4:04  SCV  
  47  4:11  Supply Depot  
  47  4:13  SCV  
  47  4:15  SCV  
  47  4:16  Hellion  
  47  4:17  Hellion  
  53  4:19  SCV  
  54  4:25  SCV  
  54  4:26  Banshee  
  54  4:29  SCV  
  54  4:30  Barracks  
  59  4:31  SCV  
  59  4:34  Barracks  
  59  4:35  Stimpack  
  59  4:37  Marine  
  61  4:42  SCV  
  61  4:43  SCV  
  63  4:46  SCV  
  63  4:47  Supply Depot  
  63  4:48  Factory Reactor  
  63  4:50  Refinery  
  63  4:52  Engineering Bay  
  64  4:54  Engineering Bay  
  64  4:55  SCV  
  64  4:56  SCV  
  64  4:58  Marine, SCV  
  68  5:06  Supply Depot  
  68  5:07  SCV  
  68  5:09  Refinery  
  68  5:11  SCV  
  68  5:13  Orbital Command  
  70  5:15  Supply Depot  
  70  5:19  SCV  
  70  5:20  Terran Infantry Weapons Level 1, Barracks  
  70  5:21  Barracks  
  71  5:22  Terran Infantry Armor Level 1  
  71  5:26  SCV  
  72  5:33  SCV  
  72  5:35  Starport Reactor  
  73  5:37  Marine x3  
  73  5:38  Marine x2, Supply Depot  
  73  5:39  SCV  
  73  5:41  SCV  
  80  5:43  Siege Tank  
  83  5:51  SCV  
  83  5:54  Marine  
  85  5:59  Marine, Supply Depot  
  85  6:01  Marine  
  85  6:02  Marine, SCV  
  83  6:06  Marine  
  83  6:10  Barracks Reactor  
  83  6:11  Barracks Reactor  
  82  6:12  Marine  
  82  6:13  Medivac x2  
  82  6:14  SCV  
  82  6:16  Supply Depot, SCV  
  82  6:17  SCV  
  82  6:18  Marine x2  
  86  6:19  Marine, Siege Tank  
  86  6:24  Marine  
  86  6:25  Supply Depot  
  92  6:26  Supply Depot, SCV  
  92  6:27  Combat Shield  
  92  6:28  SCV  
  92  6:30  Marine, Supply Depot  
  92  6:32  SCV  
  96  6:35  Marine  
  96  6:36  Refinery  
  96  6:38  SCV  
  96  6:39  Marine x2, Factory, Supply Depot  
  100  6:42  Marine  
  100  6:43  SCV  
  100  6:44  SCV  
  103  6:49  Marine x5  
  103  6:50  SCV  
  103  6:53  Marine, Armory  
  110  6:55  Supply Depot  
  110  6:57  Marine  
  110  6:58  SCV x2  
  113  7:02  SCV  
  113  7:03  Marine  
  115  7:09  Marine  
  115  7:10  SCV  
  115  7:12  Marine  
  115  7:14  Medivac x2  
  120  7:16  Marine x3  
  120  7:17  Marine x3  
  120  7:21  Widow Mine  
  121  7:25  Factory Reactor  
  121  7:26  Marine  
  121  7:27  Marine  
  121  7:28  Command Center  
  123  7:30  Marine  
  123  7:32  Refinery  
  123  7:36  Marine x2  
  125  7:37  Marine x3  
  125  7:38  Marine  
  125  7:43  Terran Infantry Armor Level 2  
  129  7:44  Marine, Medivac x2  
  129  7:45  Marine, Drilling Claws  
  129  7:47  Marine  
  129  7:49  Missile Turret  
  136  7:54  Marine x2  
  136  7:55  Terran Infantry Weapons Level 2  
  136  7:57  Marine  
  139  7:59  Supply Depot  
  139  8:02  Marine x2  
  139  8:03  Marine x3  
  139  8:04  Widow Mine  
  139  8:05  Widow Mine  
  142  8:10  Widow Mine  
  142  8:11  Marine  
  144  8:17  Marine x2, Medivac  
  144  8:18  Marine  
  138  8:20  Marine x2  
  138  8:22  Terran Vehicle And Ship Armor Level 1  
  138  8:24  Marine x3  
  138  8:26  Widow Mine  
  145  8:29  Marine  
  145  8:30  Sensor Tower  
  145  8:32  Missile Turret  
  145  8:33  SCV  
  147  8:34  Missile Turret  
  147  8:37  Marine, Widow Mine  
  150  8:42  Medivac  
  150  8:46  Marine x2, Widow Mine  
  150  8:47  Marine x2  
  137  8:48  Marine  
  137  8:49  Marine  
  137  8:50  Marine x2  
  137  8:55  Marine  
  139  8:56  Widow Mine  
  139  8:59  Widow Mine  
  143  9:04  Marine x3  
  143  9:05  Marine  
  143  9:06  Marine  
  143  9:07  Marine x2  
  145  9:10  Missile Turret  
  145  9:13  Widow Mine  
  145  9:14  Medivac  
  136  9:17  Marine x2, Widow Mine  
  136  9:20  Medivac  
  136  9:21  Widow Mine  
  136  9:22  Marine x4  
  143  9:24  Marine  
  143  9:25  Marine x2  
  143  9:26  Planetary Fortress  
  143  9:27  SCV x2  
  146  9:33  Barracks  
  146  9:34  Barracks  
  146  9:35  Marine x2  
  142  9:40  Barracks  
  142  9:44  Thor  
  147  9:46  Widow Mine  
  147  9:47  Widow Mine  
  147  9:48  Marine  
  147  9:49  Marine  
  143  9:56  Marine  
  143  9:58  Marine  
  143  9:59  Marine  
  131  10:00  Marine  
  131  10:06  Marine x3  
  125  10:07  Marine x2  
Show
View Real Time Build Order
Export as new Build Order

Vanya Zerg 

Build Orders: Hatch First 

Get SALT Encoding   

  12  0:00  Drone  
  13  0:12  Overlord  
  13  0:17  Drone  
  14  0:31  Drone x2  
  16  0:47  Hatchery  
  15  0:50  Drone  
  15  0:54  Drone  
  17  0:58  Drone  
  18  1:08  Extractor  
  17  1:12  Spawning Pool  
  17  1:15  Drone  
  17  1:18  Drone  
  18  1:27  Drone  
  19  1:38  Drone  
  20  1:49  Drone  
  21  1:59  Queen x2  
  21  2:00  Zergling x4  
  27  2:11  Overlord  
  27  2:13  Drone  
  28  2:22  Hatchery  
  27  2:25  Drone  
  28  2:30  Drone  
  28  2:33  Drone  
  28  2:35  Drone  
  31  2:39  Queen  
  33  2:44  Metabolic Boost  
  33  2:50  Overlord  
  33  2:53  Drone  
  33  2:55  Drone  
  33  2:57  Drone  
  36  3:10  Drone x2  
  36  3:11  Drone x2  
  36  3:12  Overlord  
  40  3:16  Drone  
  41  3:20  Drone  
  41  3:24  Queen  
  44  3:30  Queen  
  44  3:34  Queen, Overlord  
  46  3:37  Zergling x2  
  46  3:38  Zergling x2  
  50  3:42  Drone  
  50  3:46  Drone  
  53  3:48  Drone  
  53  3:50  Drone x4  
  57  3:59  Overlord  
  57  4:03  Drone  
  57  4:04  Drone x4  
  57  4:06  Zergling x2  
  62  4:13  Queen  
  62  4:16  Overlord  
  64  4:21  Lair  
  64  4:22  Extractor  
  64  4:24  Zergling x2, Extractor  
  62  4:25  Zergling x2  
  62  4:26  Drone x2  
  67  4:31  Drone  
  67  4:32  Drone  
  68  4:38  Spore Crawler x2  
  68  4:39  Spore Crawler  
  68  4:40  Drone x4  
  69  4:47  Drone x7  
  76  5:00  Evolution Chamber  
  76  5:01  Evolution Chamber  
  76  5:02  Drone x4, Baneling Nest  
  76  5:04  Zergling x4  
  77  5:12  Drone x2, Extractor  
  78  5:18  Overlord  
  78  5:20  Zergling x4  
  80  5:23  Overseer  
  80  5:25  Drone x2  
  80  5:27  Zerg Ground Armor Level 1, Zerg Melee Weapons Level 1, Extractor  
  80  5:28  Extractor  
  80  5:29  Drone x2  
  80  5:34  Spire  
  81  5:37  Overlord  
  81  5:38  Drone x3  
  84  5:43  Zergling x4  
  84  5:50  Drone x3  
  84  5:53  Zergling x12  
  84  5:54  Centrifugal Hooks  
  88  5:59  Zergling x8  
  88  6:03  Zergling x2  
  83  6:13  Drone x6  
  88  6:21  Extractor  
  88  6:23  Drone  
  88  6:24  Drone  
  88  6:25  Drone  
  90  6:33  Hatchery, Overlord  
  90  6:36  Drone  
  90  6:37  Drone  
  91  6:44  Baneling  
  91  6:45  Baneling x3, Overlord x3  
  91  6:46  Zergling x2  
  91  6:47  Zergling x8  
  96  6:49  Baneling x2  
  96  6:54  Zergling x4  
  98  7:02  Zergling x2  
  98  7:03  Zergling x6  
  98  7:13  Zergling x18  
  100  7:20  Mutalisk  
  101  7:24  Baneling x3  
  101  7:25  Zerg Ground Armor Level 2  
  101  7:26  Mutalisk x5  
  111  7:32  Baneling x2  
  111  7:34  Overlord  
  111  7:35  Mutalisk x4  
  118  7:39  Baneling x3  
  118  7:43  Overlord  
  118  7:44  Overseer  
  118  7:50  Mutalisk  
  120  7:52  Zergling x12  
  120  7:55  Baneling x4  
  126  8:03  Zergling x6  
  126  8:04  Zergling x12  
  126  8:06  Baneling  
  126  8:07  Baneling x7  
  126  8:18  Zergling x20  
  124  8:22  Baneling x8  
  124  8:27  Zergling x8  
  126  8:34  Mutalisk x2  
  126  8:38  Zergling x4  
  109  8:50  Zergling x28  
  109  8:54  Baneling  
  118  8:58  Baneling x6  
  118  9:00  Overseer  
  115  9:03  Zergling x8  
  115  9:09  Zergling x12  
  104  9:17  Mutalisk  
  104  9:18  Mutalisk x3  
  108  9:25  Zergling x8  
  108  9:28  Baneling Nest  
  110  9:38  Zergling x18  
  115  9:50  Zergling x14  
  117  9:54  Zergling x4  
  117  9:59  Mutalisk x4  
  106  10:11  Zergling x4  
Tags
 
Add a new tag
Caveats
  • Supply blocks, unpowered buildings, or Contaminate may cause inaccurate times.
  • Supply counts are checked every 10 seconds.